 Dungeon Crawl Stone Soup version 0.23.2-30-g0e89c35 (webtiles) character file.

Game seed: 7794249696253417649

688 Fang the Skirmisher (level 7, 0/66 HPs)
             Began as a Gargoyle Berserker on June 13, 2019.
             Was a Priest of Trog.
             Slain by Prince Ribbit (3 damage)
             ... on level 5 of the Dungeon.
             The game lasted 00:03:52 (2885 turns).

Fang the Skirmisher (Gargoyle Berserker)            Turns: 2885, Time: 00:03:53

Health: 0/66       AC: 14    Str: 27    XL:     7   Next: 62%
Magic:  7/7        EV: 10    Int:  8    God:    Trog [***...]
Gold:   206        SH:  0    Dex:  9    Spells: 6/6 levels left

rFire    . . .     SeeInvis .   a - +0 war axe
rCold    . . .     Gourm    .   (no shield)
rNeg     + . .     Faith    .   b - +0 chain mail
rPois    ∞         Spirit   .   (no helmet)
rElec    +         Reflect  .   (no cloak)
rCorr    .         Harm     .   (no gloves)
MR       ++...                  (no boots)
Stlth    ..........             (no amulet)
HPRegen  1.21/turn              f - ring of flight
MPRegen  0.10/turn              (no ring)

@: berserking, regenerating, very quick
A: negative energy resistance 1, electricity resistance, unbreathing,
petrification resistance, rot immunity, AC +4
a: Berserk, Trog's Hand, Renounce Religion, Evoke Flight


You were on level 5 of the Dungeon.
You worshipped Trog.
Trog was most pleased with you.
You were very hungry.

You visited 2 branches of the dungeon, and saw 6 of its levels.

You collected 206 gold pieces.

Inventory:

Hand Weapons
 a - a +0 war axe (weapon)
Armour
 b - a +0 chain mail (worn)
Jewellery
 f - a ring of flight (left hand)
Wands
 s - a wand of polymorph (5)
 t - a wand of paralysis (9)
Scrolls
 e - a scroll of remove curse
 h - 4 scrolls of teleportation {unknown}
 i - a scroll of amnesia {unknown}
 j - 7 scrolls of identify {unknown}
 l - 2 scrolls of enchant armour {unknown}
 m - a scroll of immolation {unknown}
 o - 2 scrolls of enchant weapon {unknown}
Potions
 g - 2 potions of cancellation {unknown}
 k - a potion of haste {unknown}
 n - 3 potions of mutation {unknown}
 p - a potion of degeneration {unknown}
 q - a potion of agility {unknown}
 r - 2 potions of curing {unknown}
 u - a potion of heal wounds {unknown}
Comestibles
 c - 7 rations
 d - 13 chunks of flesh


   Skills:
 + Level 5.5 Fighting
 + Level 4.5 Axes
 + Level 4.8 Armour
 + Level 3.6 Dodging


You had 6 spell levels left.
You didn't know any spells.
Your spell library was empty.

Dungeon Overview and Level Annotations

Branches:
Dungeon (5/15)             Temple (1/1) D:5

Altars:
Kikubaaqudgha
Nemelex Xobeh
Wu Jian

Annotations:
D:5 Prince Ribbit


Innate Abilities, Weirdness & Mutations

You are resistant to torment.
Your stone body is resilient. (AC +4)
You are immune to poison.
You resist negative energy. (rN+)
You are resistant to electric shocks. (rElec)
You can survive without breathing.
You are immune to petrification.
You are immune to rotting.


Message History

You are too injured to fight recklessly!
You are too injured to fight recklessly!
You are too injured to fight recklessly!
You are too injured to fight recklessly!
Your skin crawls.
You feel resistant to hostile enchantments.
You are feeling hungry.
Prince Ribbit hits you but does no damage.
A red film seems to cover your vision as you go berserk!
You feel yourself moving faster!
You feel mighty!
You are feeling very hungry.
Prince Ribbit hits you. The ogre hits you with a +0 giant club!
Prince Ribbit hits you.
* * * LOW HITPOINT WARNING * * *
You miss Prince Ribbit. You hit the ogre.
The ogre hits you with a +0 giant club!
* * * LOW HITPOINT WARNING * * *
Prince Ribbit hits you but does no damage.
You miss Prince Ribbit. You slash the ogre! Prince Ribbit hits you.
You die...

... #..# #..###.# .#####
##..###.#######.....
#.....#...#...#.....
#.....#...#...#.....
#.....#...'...#.....
#.....'...#...#.....
##...######..##.....
#.@.# ####..###'###
......OF...#............
...........#............
...........#............
...........#....>.......
...........#............
.##.####..###..######..#
#. ..# #.. #..# ... ...#


You could see Prince Ribbit and an ogre.

Vanquished Creatures
  Edmund (D:5)
  Duvessa (D:4)
  A centaur (D:5)
  Dowan (D:4)
  A howler monkey (D:5)
  An orc priest (D:4)
  A worker ant (D:4)
  Robin (D:4)
  2 gnolls (D:1)
  8 adders
  A worker ant zombie (D:5)
  2 oozes
  A worm (D:2)
  2 dart slugs (D:3)
  5 leopard geckos
  15 orcs
  4 giant cockroaches
  7 hobgoblins
  10 jackals
  6 kobolds
  3 quokkas
  2 ball pythons
  6 bats
  2 frilled lizards
  12 goblins
  10 rats
106 creatures vanquished.

Notes
Turn   | Place    | Note
-------+----------+-------------------------------------------
     0 | D:1      | Fang the Gargoyle Berserker began the quest for the Orb.
     0 | D:1      | Reached XP level 1. HP: 14/14 MP: 1/1
   170 | D:1      | Reached XP level 2. HP: 7/19 MP: 2/2
   665 | D:1      | Reached XP level 3. HP: 23/23 MP: 3/3
  1089 | D:2      | Found an ornate altar of the Wu Jian Council.
  1112 | D:2      | Reached ** piety under Trog
  1117 | D:2      | Reached XP level 4. HP: 28/29 MP: 4/4
  1573 | D:3      | Reached skill level 4 in Fighting
  1652 | D:3      | Reached XP level 5. HP: 29/33 MP: 5/5
  1756 | D:3      | Found an ancient bone altar of Kikubaaqudgha.
  1807 | D:3      | Found a sparkling altar of Nemelex Xobeh.
  2136 | D:4      | Reached *** piety under Trog
  2185 | D:4      | Noticed Duvessa
  2187 | D:4      | Noticed Dowan
  2201 | D:4      | Killed Duvessa
  2201 | D:4      | Reached XP level 6. HP: 39/39 MP: 6/6
  2205 | D:4      | Killed Dowan
  2474 | D:4      | Noticed Robin
  2488 | D:4      | Killed Robin
  2488 | D:4      | Reached skill level 5 in Fighting
  2682 | D:5      | Entered Level 5 of the Dungeon
  2682 | D:5      | Found a staircase to the Ecumenical Temple.
  2687 | D:5      | Reached XP level 7. HP: 44/44 MP: 7/7
  2693 | Temple   | Entered the Ecumenical Temple
  2716 | D:5      | Noticed Edmund
  2725 | D:5      | Killed Edmund
  2874 | D:5      | Noticed Prince Ribbit
  2884 | D:5      | HP: 2/66 [ogre/+0 giant club (14)]
  2885 | D:5      | Slain by Prince Ribbit

Skill      XL: |  1  2  3  4  5  6 |
---------------+-------------------+-----
Axes           | 3 4 |  4.5
Dodging        | 2 3 |  3.6
Armour         | 3 4 |  4.8
Fighting       | 4 5 |  5.5

Action                   |  1- 3 |  4- 6 |  7- 9 || total
-------------------------+-------+-------+-------++-------
Melee: Hand axe          |    88 |    40 |       ||   128
       War axe           |       |   190 |    43 ||   233
Invok: Berserk           |     2 |     1 |     2 ||     5
       Trog's Hand       |       |       |     1 ||     1
  Use: Scroll            |       |     1 |       ||     1
  Eat: Chunk             |     3 |     6 |     2 ||    11
Armor: Animal skin       |    13 |       |       ||    13
       Chain mail        |    35 |   185 |    25 ||   245
Dodge: Dodged            |    58 |   123 |    22 ||   203
